 Dungeon Crawl Stone Soup version 0.30-a0-953-g5f1da4a474 (webtiles) character file.

Game seed: 13398490881142109137

1918 sanka the Cudgeller (level 8, -4/64 HPs)
             Began as a Mummy Monk on Mar 28, 2023.
             Was a Priest of Nemelex Xobeh.
             Slain by an orc warrior
             ... wielding a +0 dire flail
              (7 damage)
             ... on level 6 of the Dungeon.
             The game lasted 00:13:02 (8190 turns).

sanka the Cudgeller (Mummy Monk)                    Turns: 8190, Time: 00:13:02

Health: -4/64      AC:  6    Str: 22    XL:     8   Next: 95%
Magic:  12/12      EV: 11    Int:  9    God:    Nemelex Xobeh [***...]
Gold:   353        SH:  0    Dex: 15    Spells: 7/7 levels left

rFire   . . .      SeeInvis .    a - +0 flail (flame)
rCold   + + .      Faith    +    (no shield)
rNeg    + + +      Spirit   .    o - +0 ring mail
rPois   ∞          Reflect  .    (no helmet)
rElec   .          Rampage  .    t - scarf {rC+ rF+}
rCorr   .                        (no gloves)
Will    +....                    s - +0 pair of boots
Stlth   +                        (no amulet)
HPRegen 0.30/turn                r - +6 ring of strength
MPRegen 0.13/turn                p - ring of wizardry

@: no status effects
A: cold resistance 1, negative energy resistance 3, torment resistance 2, heat
vulnerability 1, in touch with death 1, no potions, faith
a: Renounce Religion, Draw Escape, Draw Destruction, Draw Summoning, Triple Draw


You were on level 6 of the Dungeon.
You worshipped Nemelex Xobeh.
Nemelex Xobeh was most pleased with you.
You visited 2 branches of the dungeon, and saw 8 of its levels.

You collected 353 gold pieces.


Innate Abilities, Weirdness & Mutations

You are immune to poison.
Your flesh is cold resistant. (rC+)
You are immune to negative energy. (rN+++)
You are immune to unholy pain and torment.
You are vulnerable to heat. (rF-)
You are in touch with the powers of death.
You do not drink.
You have a special connection with the divine. (Faith)


   Skills:
 + Level 5.8 Fighting
 + Level 6.8 Maces & Flails
 - Level 2.4 Dodging
 - Level 1.5 Stealth
 * Level 6.4 Invocations


You had 7 spell levels left.
You didn't know any spells.
Your spell library was empty.

Inventory:

Hand Weapons
 a - a +0 flail of flaming (weapon)
 b - a +2 spectral club
 d - a +0 whip of electrocution
 q - a +2 quarterstaff of chaos
Armour
 f - a +0 cloak
 l - a +0 chain mail
 o - a +0 ring mail (worn)
 s - a +0 pair of boots (worn)
 t - a scarf of resistance (worn)
Jewellery
 p - a ring of wizardry (right hand)
 r - a +6 ring of strength (left hand)
Wands
 c - a wand of roots (10)
 u - a wand of polymorph (5)
Scrolls
 e - 2 scrolls of immolation {!r}
 g - 3 scrolls of torment
 h - 2 scrolls of magic mapping
 i - 3 scrolls of teleportation {@r4}
 j - a scroll of vulnerability {unknown}
 k - 3 scrolls of summoning {unknown}
 m - a scroll of blinking {unknown}
 n - 2 scrolls of noise {unknown}
 v - 2 scrolls of silence {unknown}

Dungeon Overview and Level Annotations

Branches:
Dungeon (7/15)             Temple (1/1) D:4

Altars:
Ashenzari
Dithmenos
Fedhas
Gozag
Kikubaaqudgha
Makhleb
Nemelex Xobeh
Okawaru
Ru
Sif Muna
Uskayaw
Wu Jian
Xom
Yredelemnul

Shops:
D:7

*! ..▒ ▒..▒.....▒ ▒.▒ ▒..▒
▒.▒.... .▒▒ ▒.▒.▒▒...▒ ▒.▒ ▒..▒
▒.▒.▒.. .▒ ▒.▒▒▒▒...▒▒▒.▒ ▒..▒
▒..▒▒▒. .▒▒▒▒▒▒.▒▒.......▒.▒
▒..▒▒▒▒▒.▒.▒ .)......▒▒.......▒.▒
▒..........▒
........▒▒[>.....▒.▒▒▒▒.▒▒▒▒▒▒▒.▒
▒▒▒▒▒▒▒.▒▒▒▒...▒)▒...>...▒ ▒.▒
▒.▒ ▒...▒o▒▒▒▒▒▒..▒ ▒.. ▒!▒
▒▒▒▒▒M▒ ▒..▒ ▒▒▒▒ ▒.▒ ▒.▒
▒..▒▒▒▒▒... ▒▒▒▒▒▒▒.▒ ▒)▒
▒........▒▒ ........▒ ▒)▒
▒▒.▒▒▒▒▒▒▒ ▒▒▒▒▒▒▒▒▒ ▒.▒ ▒.▒ ..▒
▒▒▒▒▒▒▒.▒▒▒▒▒▒▒.▒ ▒.▒
▒...............▒ ▒.▒
▒.▒▒▒▒▒)▒▒▒.▒▒▒▒▒▒▒▒▒▒▒▒ ▒.▒ ▒.▒
▒.▒ ▒.▒ ▒........


You could see an orc warrior (misshapen, rooted).


Message History

* * * LOW HITPOINT WARNING * * *
You closely miss the orc warrior.
The orc warrior is lightly wounded.
The orc warrior closely misses you.
Use which ability? (? or * to list)
You draw a card...
You have drawn Wild Magic.
The orc warrior lurches violently.
Fire explodes from out of thin air!
Reactivating autopickup.
You feel a bit more experienced.
You feel a surge of magic.
The orc warrior hits you with a +0 dire flail!
* * * LOW HITPOINT WARNING * * *
Unknown command.
Use which ability? (? or * to list)
You draw a card...
You have drawn Velocity.
Nothing appears to happen.
The orc warrior barely misses you.
You can't drink.
Okay, then.
Aiming: Fastroot
Aim: an orc warrior, wielding a +0 dire flail and wearing a +0 plate armour (moderately wounded, misshapen and mutated)
The roots erupt in riotous growth!
Roots grab the orc warrior.
The grasping roots constrict the orc warrior.
The orc warrior hits you with a +0 dire flail!
You die...
Your body disappears without a glow.

Action                     |  1- 3 |  4- 6 |  7- 9 || total
---------------------------+-------+-------+-------++-------
  Melee: Mace              |   124 |    46 |       ||   170
         Flail             |       |   141 |   231 ||   372
         Punch             |       |     2 |     5 ||     7
         Club              |       |     2 |       ||     2
 Invoke: Draw Destruction  |       |     4 |     8 ||    12
         Draw Escape       |       |     1 |     2 ||     3
  Evoke: Wand              |       |       |     1 ||     1
    Use: Scroll            |       |     8 |     1 ||     9
   Stab: Sleeping          |     2 |       |       ||     2
 Armour: Robe              |    15 |       |       ||    15
         Leather armour    |    12 |    21 |       ||    33
         Ring mail         |       |    20 |    70 ||    90
  Dodge: Dodged            |    69 |   136 |   146 ||   351

Levels and vault maps discovered:
D:1:      dpeg_arrival_concentric_ovals, layout_loops_corners
D:2:      cheibrodos_fertilizer, layout_basic, uniq_crazy_yiuf_cottage,
          uniq_terence
D:3:      layout_loops_ring, nicolae_overflow_hidden_temple, uniq_jessica
D:4:      minmay_chambers_of_fours, layout_basic, minmay_temple_entry_mist
D:5:      layout_loops_ring, mainiacjoe_overflow_concentric_impassable
D:6:      layout_loops_ring, yredelemnul_altar_generic,
          makhleb_blood_cavern_becter, minivault_10
D:7:      layout_rooms, serial_shops, nicolae_shop_crystal, shop,
          nicolae_shop_behind_doors, nicolae_stop_n_shop_1, nicolae_diamond_shop
Temple:   hellmonk_temple_forest_ring

Notes
Turn   | Place    | Note
-------+----------+-------------------------------------------
     0 | D:1      | sanka the Mummy Monk began the quest for the Orb.
     0 | D:1      | Reached XP level 1. HP: 18/18 MP: 1/1
   380 | D:1      | Reached skill level 3 in Maces & Flails
   380 | D:1      | Reached XP level 2. HP: 24/24 MP: 2/2
   856 | D:1      | Gained mutation: You are in touch with the powers of death.
                  | [Mummy growth]
   856 | D:1      | Reached XP level 3. HP: 27/29 MP: 3/3
  1327 | D:2      | Reached skill level 4 in Maces & Flails
  1471 | D:2      | Noticed Terence
  1542 | D:2      | Reached XP level 4. HP: 27/35 MP: 4/4
  2036 | D:2      | Found a runed translucent door.
  2037 | D:2      | Noticed Crazy Yiuf
  2442 | D:3      | Reached XP level 5. HP: 13/41 MP: 5/5
  2671 | D:3      | Noticed Jessica
  2697 | D:3      | Killed Jessica
  2698 | D:3      | Reached skill level 5 in Maces & Flails
  3608 | D:4      | Found a staircase to the Ecumenical Temple.
  3615 | Temple   | Entered the Ecumenical Temple
  3766 | Temple   | Became a worshipper of Nemelex Xobeh the Trickster
  3766 | Temple   | Reached * piety under Nemelex Xobeh
  3766 | Temple   | Received a gift from Nemelex Xobeh
  3766 | Temple   | Reached ** piety under Nemelex Xobeh
  4089 | D:4      | Received a gift from Nemelex Xobeh
  4334 | D:4      | Noticed a phantom
  4344 | D:4      | Killed a phantom
  4345 | D:4      | Reached skill level 1 in Invocations
  4345 | D:4      | Reached XP level 6. HP: 41/47 MP: 5/7
  4379 | D:4      | Noticed a steam dragon
  4413 | D:4      | Reached skill level 2 in Invocations
  4425 | D:4      | Banished a steam dragon
  4775 | D:5      | Entered Level 5 of the Dungeon
  4803 | D:6      | Found a basalt altar of Yredelemnul.
  4818 | D:5      | Reached XP level 7. HP: 23/53 MP: 9/9
  5069 | D:4      | Reached skill level 3 in Invocations
  5135 | D:5      | Reached skill level 4 in Fighting
  5361 | D:5      | Reached *** piety under Nemelex Xobeh
  5522 | D:5      | Received a gift from Nemelex Xobeh
  5680 | D:5      | Reached skill level 6 in Maces & Flails
  5680 | D:5      | Reached skill level 4 in Invocations
  6181 | D:2      | Reached XP level 8. HP: 29/61 MP: 11/11
  6365 | D:2      | Killed Terence
  6441 | D:2      | Crazy Yiuf changed into Crazy Yiuf the endoplasm
  6441 | D:2      | Noticed Crazy Yiuf
  6442 | D:2      | Killed Crazy Yiuf the endoplasm
  6990 | D:6      | Reached skill level 5 in Fighting
  6990 | D:6      | Reached skill level 5 in Invocations
  7098 | D:6      | Identified a scarf of resistance
  7455 | D:6      | Reached skill level 6 in Invocations
  7500 | D:6      | Found a burning altar of Makhleb.
  7898 | D:7      | Found Hacrif's Distillery.
  7898 | D:7      | Found Ilock's Assorted Antiques.
  8188 | D:6      | HP: 3/64 [orc warrior/+0 dire flail (13)]
  8190 | D:6      | Slain by an orc warrior

Vanquished Creatures
  A steam dragon (D:6)
  2 water moccasins (D:6)
  An orc warrior (D:6)
  A black bear (D:5)
  A centaur (D:5)
  3 phantoms
  A scorpion (D:6)
  A necrophage (D:6)
  A wight (D:6)
  A howler monkey (D:5)
  3 hounds
  4 jellies
  An orc priest (D:6)
  Jessica (D:3)
  An iguana (D:4)
  Terence (D:2)
  A sleepcap (D:5)
  4 orc wizards
  A hound skeleton (D:6)
  10 gnolls
  9 adders
  A white imp (D:6)
  3 worms
  2 dart slugs
  7 orcs
  16 endoplasms
  5 giant cockroaches
  4 goblins
  8 hobgoblins
  6 jackals
  6 quokkas
  6 ball pythons
  3 bats
  3 frilled lizards
  14 kobolds
  6 rats
139 creatures vanquished.

Vanquished Creatures (others)
  5 fungi (D:2)
  8 toadstools (D:2)
13 creatures vanquished.

Grand Total: 152 creatures vanquished
